 Dungeon Crawl Stone Soup version 0.31-a0-188-g5e087ee2ca (webtiles) character file.

Game seed: 11663167427958015798

41 qw the Shooter (level 3, 0/20 HPs)
             Began as a Deep Elf Hunter on June 23, 2023.
             Slain by Grinder (5 damage)
             ... while paralysed by Grinder
             ... on level 3 of the Dungeon.
             The game lasted 00:00:28 (1197 turns).

qw the Shooter (Deep Elf Hunter)                    Turns: 1197, Time: 00:00:28

Health: 0/20       AC:  6    Str: 10    XL:     3   Next: 32%
Magic:  5/5        EV:  2    Int: 13    God:
Gold:   129        SH:  0    Dex: 18    Spells: 2/2 levels left

rFire   . . .        Y - +0 shortbow
rCold   . . .        (shield currently unavailable)
rNeg    . . .        a - +0 scale mail
rPois   .            (no helmet)
rElec   .            (no cloak)
rCorr   .            (no gloves)
SInv    .            (no boots)
Will    .....        (no amulet)
Stlth   +            (no ring)
HPRegen 0.23/turn    (no ring)
MPRegen 0.09/turn

%: no passive effects
@: paralysed
A: no striking features
a: no special abilities


You were on level 3 of the Dungeon.
You visited 1 branch of the dungeon, and saw 3 of its levels.

You collected 129 gold pieces.


   Skills:
 - Level 1.5 Fighting
 + Level 6.9 Ranged Weapons
 - Level 2.4 Dodging
 - Level 1.2 Stealth


You had 2 spell levels left.
You didn't know any spells.
Your spell library was empty.

Inventory:

Hand Weapons
 Y - a +0 shortbow (weapon)
Armour
 a - a +0 scale mail (worn)
Potions
 d - a potion of lignification {unknown}
 e - a potion of might {unknown}
 g - a potion of degeneration {unknown}
 j - a potion of brilliance {unknown}

Dungeon Overview and Level Annotations

Branches:
Dungeon (3/15)

Altars:
Nemelex Xobeh

Shops:
D:1 (

Annotations:
D:3 Grinder


Message History

As you open the door, it creaks loudly!
There is an open door here.
You open the door.
A dart slug comes into view.
Found a mace and a quarterstaff.
Enter note:
Enter note: You shoot an arrow.
The arrow hits the dart slug.
The dart slug is heavily wounded.
You shoot an arrow. The arrow hits the dart slug.
You kill the dart slug!
Grinder comes into view.
Grinder blinks!
There is an open door here.
Enter note:
Enter note: You shoot an arrow.
The arrow hits Grinder.
Grinder is lightly wounded.
Grinder grins, showing sharp teeth.
Grinder blinks!
You shoot an arrow.
The arrow hits Grinder but does no damage.
Grinder is lightly wounded.
You shoot an arrow. The arrow completely misses Grinder.
You shoot an arrow. The arrow hits Grinder!
Grinder is moderately wounded.
You shoot an arrow. The arrow hits Grinder.
Grinder is moderately wounded.
Grinder gestures at you. Pain shoots through your body!
Ouch! That really hurt!
You shoot an arrow. The arrow hits Grinder.
Grinder is moderately wounded.
Grinder closely misses you. x2
You shoot an arrow. The arrow hits Grinder.
Grinder is moderately wounded.
Grinder gestures at you.
You suddenly lose the ability to move!
Grinder hits you.
You writhe in agony.
You die...

#8.........8#
+..)..).....+
#8.........8# #.........#
### #+# #8.....8# +.. ..#
#.....# #.#
#.#########858# #.#
#.#.......##@#
#.###.#.######...##.##
#.....'.#.#.............
#'#####.#.#.#.#####.####
#..# #.#....######.#
##.####.#...........#
........#....########
........#....###.#######.#
..%..................[....


You could see Grinder.

Vanquished Creatures
  A worm (D:2)
  A dart slug (D:3)
  3 bats (D:1)
  An endoplasm (D:1)
  4 goblins
  6 hobgoblins
  2 kobolds (D:1)
  3 quokkas
  7 ball pythons
  2 frilled lizards (D:1)
  3 rats
33 creatures vanquished.

Notes
Turn   | Place    | Note
-------+----------+-------------------------------------------
     0 | D:1      | qw the Deep Elf Hunter began the quest for the Orb.
     0 | D:1      | Reached XP level 1. HP: 12/12 MP: 3/3
     0 | D:1      | 0 ||| qw: Version: 0.3-a-9-g12657ce
     0 | D:1      | 0 ||| qw: Game counter: 4198
     0 | D:1      | 0 ||| qw: Always use a shield: true
     0 | D:1      | 0 ||| qw: God list: Okawaru
     0 | D:1      | 0 ||| qw: Allow faded altars: false
     0 | D:1      | 0 ||| qw: Do Orc after D:15 true
     0 | D:1      | 0 ||| qw: Do second Lair branch before Depths: true
     0 | D:1      | 0 ||| qw: Lair rune preference: random
     0 | D:1      | 0 ||| qw: Plans: Normal
     0 | D:1      | 0 ||| PLANNING D:1-11
    29 | D:1      | Found a faded altar of an unknown god.
   158 | D:1      | Reached XP level 2. HP: 11/16 MP: 4/4
   180 | D:1      | Found Qaigrare's Weapon Emporium.
   184 | D:1      | Reached skill level 6 in Ranged Weapons
   521 | D:1      | 521 ||| READING scroll labelled RIDEMP YNWU.
   552 | D:1      | 552 ||| DROPPING scroll of butterflies.
   661 | D:2      | Reached XP level 3. HP: 20/20 MP: 5/5
   828 | D:2      | Found a sparkling altar of Nemelex Xobeh.
  1069 | D:2      | 1069 ||| UPGRADING to +0 scale mail.
  1079 | D:2      | 1079 ||| DROPPING +0 leather armour.
  1080 | D:2      | 1080 ||| READING scroll labelled SEJEEW UHI.
  1081 | D:2      | 1081 ||| READING scroll labelled QENOPYDI HOAC.
  1082 | D:2      | 1082 ||| READING scroll labelled YLEZEC SIONUSA.
  1083 | D:2      | 1083 ||| READING scroll labelled YCO KOEPALE.
  1188 | D:3      | Noticed Grinder
  1196 | D:3      | Paralysed by Grinder for 2 turns
  1197 | D:3      | HP: 5/20 [Grinder (2)]
  1197 | D:3      | Slain by Grinder

Levels and vault maps discovered:
D:1:      amcnicky_arrival_feature_with_door, layout_basic,
          basic_ecumenical_altar, serial_shops, shop
D:2:      layout_rooms, basic_altar, nicolae_elevator_lobby_plus
D:3:      layout_basic, dk_noncrumbling_4, minmay_misc_feat_encased,
          uniq_grinder

Skill      XL: |  1  2 |
---------------+-------+-----
Ranged Weapons | 6 |  6.9
Fighting       | |  1.5
Dodging        | |  2.4
Stealth        | |  1.2

Action                     || total
---------------------------++-------
   Fire: Shortbow          ||   102
    Use: Scroll            ||     5
 Armour: Leather armour    ||     5
  Dodge: Dodged            ||    39

Table legend:
 A = Non-vault XP
 B = Vault XP
 C = Vault XP percentage of total XP
 D = Non-vault monster count
 E = Vault monster count
 F = Vault count percentage of total count
                 A         B        C        D         E       F
            +---------+---------+-------+---------+---------+-------
      Total |      59 |       0 |   0.0 |      33 |       0 |   0.0
            +---------+---------+-------+---------+---------+-------
        D:1 |      35 |       0 |   0.0 |      21 |       0 |   0.0
        D:2 |      19 |       0 |   0.0 |      10 |       0 |   0.0
        D:3 |       5 |       0 |   0.0 |       2 |       0 |   0.0
            +---------+---------+-------+---------+---------+-------
